TOP OF THE 1ST |
Lone Star BC batting - Pitching for Philadephia 1776 BC : RHP Earnest Casey
|
Pitching: RHP Earnest Casey
|
|
Batting: LHB Ray Merrill
|
0-0: SINGLE (Flyball, 89S)
|
Batting: RHB Henry Potts
|
0-0: Ball 1-0: Swinging Strike 1-1: Ball 2-1: Ball 3-1: Fly out, F8 (Flyball, 8RM)
|
Batting: LHB Michael Neely
|
0-0: Called Strike 0-1: Ball 1-1: Ball 2-1: Swinging Strike 2-2: Strikes out looking Ray Merrill steals 2nd base Batter strikes out.
|
Batting: SHB David Henderson
|
0-0: Ground out 1-3 (Groundball, 13)
|
Top of the 1st over - 0 run(s), 1 hit(s), 0 error(s), 1 left on base; Lone Star 0 - Philadephia 1776 0 |
BOTTOM OF THE 1ST |
Philadephia 1776 BC batting - Pitching for Lone Star BC : RHP José Galindo
|
Pitching: RHP José Galindo
|
|
Batting: LHB Manuel García
|
0-0: Ball 1-0: Called Strike 1-1: Ball 2-1: Swinging Strike 2-2: Ball 3-2: Foul Ball, location: 2F 3-2: Strikes out looking
|
Batting: RHB José Ramos
|
0-0: Ball 1-0: Called Strike 1-1: Ball 2-1: Ball 3-1: Foul Ball, location: 2F 3-2: Foul Ball, location: 2F 3-2: Base on Balls
|
Batting: RHB Tommy Jones
|
0-0: Called Strike 0-1: Fielders Choice at 2nd, 5-4 (Groundball, 56)
|
Batting: RHB Brian O'Brian
|
0-0: Called Strike Tommy Jones steals 2nd base 0-1: Foul Ball, location: 2F 0-2: Ground out 6-3 (Groundball, 6M)
|
Bottom of the 1st over - 0 run(s), 0 hit(s), 0 error(s), 1 left on base; Lone Star 0 - Philadephia 1776 0 |
TOP OF THE 2ND |
Lone Star BC batting - Pitching for Philadephia 1776 BC : RHP Earnest Casey
|
Batting: RHB Toshitsugu Sakamoto
|
0-0: Called Strike 0-1: Ball 1-1: Swinging Strike 1-2: Foul Ball, location: 2F 1-2: Ground out 5-3 (Groundball, 56)
|
Batting: RHB Ricardo Nieto
|
0-0: Ball 1-0: Fly out, F8 (Flyball, 8RM)
|
Batting: RHB Gérard Moreau
|
0-0: Ball 1-0: Ball 2-0: Ground out 4-3 (Groundball, 4M)
|
Top of the 2nd over - 0 run(s), 0 hit(s), 0 error(s), 0 left on base; Lone Star 0 - Philadephia 1776 0 |
BOTTOM OF THE 2ND |
Philadephia 1776 BC batting - Pitching for Lone Star BC : RHP José Galindo
|
Batting: LHB Jesús Vargas
|
0-0: Ball 1-0: Ground out 4-3 (Groundball, 4)
|
Batting: LHB Rubén Alte
|
0-0: Ball 1-0: Ball 2-0: Ball 3-0: Called Strike 3-1: Base on Balls
|
Batting: RHB Manny Hernández
|
0-0: Ball 1-0: Ball 2-0: SINGLE (Line Drive, 56D) Rubén Alte to second
|
Batting: SHB Matthieu Servergnini
|
0-0: Called Strike 0-1: Called Strike 0-2: Ball 1-2: Ball 2-2: DOUBLE (Flyball, 78M) Rubén Alte scores Manny Hernández to third Runner from 3rd tries for Home, SAFE, no throw or cutoff
|
Batting: SHB Earnest Casey
|
0-0: Ball 1-0: Ground out 4-3 (Groundball, 4S) Matthieu Servergnini to third
|
Batting: LHB Manuel García
|
0-0: Ball 1-0: Called Strike 1-1: Ground out 4-3 (Groundball, 4)
|
Bottom of the 2nd over - 2 run(s), 2 hit(s), 0 error(s), 1 left on base; Lone Star 0 - Philadephia 1776 2 |
TOP OF THE 3RD |
Lone Star BC batting - Pitching for Philadephia 1776 BC : RHP Earnest Casey
|
Batting: SHB Joel Palmer
|
0-0: Swinging Strike 0-1: Ball 1-1: Swinging Strike 1-2: Strikes out looking
|
Batting: RHB José Galindo
|
0-0: Ball 1-0: Ball 2-0: Fly out, F8 (Flyball, 8RM)
|
Batting: LHB Ray Merrill
|
0-0: Ball 1-0: Ball 2-0: Called Strike 2-1: Ground out U3 (Groundball, 3S)
|
Top of the 3rd over - 0 run(s), 0 hit(s), 0 error(s), 0 left on base; Lone Star 0 - Philadephia 1776 2 |
BOTTOM OF THE 3RD |
Philadephia 1776 BC batting - Pitching for Lone Star BC : RHP José Galindo
|
Batting: RHB José Ramos
|
0-0: Ground out 1-3 (Groundball, 13S)
|
Batting: RHB Tommy Jones
|
0-0: Called Strike 0-1: TRIPLE (Line Drive, 89M)
|
Batting: RHB Brian O'Brian
|
0-0: SINGLE (Line Drive, 9LS) Tommy Jones scores
|
Batting: LHB Jesús Vargas
|
0-0: Foul Ball, location: 2F 0-1: Ball 1-1: Swinging Strike 1-2: Grounds into double play, 4-6-3 (Groundball, 4)
|
Bottom of the 3rd over - 1 run(s), 2 hit(s), 0 error(s), 0 left on base; Lone Star 0 - Philadephia 1776 3 |
TOP OF THE 4TH |
Lone Star BC batting - Pitching for Philadephia 1776 BC : RHP Earnest Casey
|
Batting: RHB Henry Potts
|
0-0: Called Strike 0-1: Ball 1-1: Ball 2-1: Called Strike 2-2: Foul Ball, location: 2F 2-2: Foul Ball, location: 2F 2-2: SINGLE (Groundball, 3S)
|
Batting: LHB Michael Neely
|
0-0: Called Strike 0-1: Foul Ball, location: 2F 0-2: Strikes out swinging
|
Batting: SHB David Henderson
|
0-0: Ball 1-0: Reached on error, E4 (Groundball, 4) Henry Potts to second
|
Batting: RHB Toshitsugu Sakamoto
|
0-0: Ball 1-0: SINGLE (Line Drive, 56D) Henry Potts to third David Henderson to second Runner from 3rd tries for Home, SAFE, throw made home
|
Batting: RHB Ricardo Nieto
|
0-0: Called Strike 0-1: Foul Ball, location: 2F 0-2: Ball 1-2: Strikes out swinging
|
Batting: RHB Gérard Moreau
|
0-0: Called Strike 0-1: Ball 1-1: SINGLE (Line Drive, 56) David Henderson to third Toshitsugu Sakamoto to second
|
Batting: SHB Joel Palmer
|
0-0: Ball 1-0: SINGLE (Line Drive, 89S) David Henderson scores Toshitsugu Sakamoto to third Gérard Moreau to second Runner from 3rd tries for Home, SAFE, throw made home Gérard Moreau to third Joel Palmer to second
|
Batting: RHB José Galindo
|
0-0: Swinging Strike 0-1: Ball 1-1: Ball 2-1: Swinging Strike 2-2: Ball 3-2: Fly out, F9 (Flyball, 9LM)
|
Top of the 4th over - 3 run(s), 4 hit(s), 1 error(s), 2 left on base; Lone Star 3 - Philadephia 1776 3 |
BOTTOM OF THE 4TH |
Philadephia 1776 BC batting - Pitching for Lone Star BC : RHP José Galindo
|
Batting: LHB Rubén Alte
|
0-0: Called Strike 0-1: Called Strike 0-2: Ball 1-2: SINGLE (Flyball, 8RS)
|
Batting: RHB Manny Hernández
|
0-0: Ball 1-0: Foul Ball, location: 2F 1-1: Grounds into double play, U4-3 (Groundball, 4)
|
Batting: SHB Matthieu Servergnini
|
0-0: Ball 1-0: Called Strike 1-1: Foul Ball, location: 2F 1-2: Ball 2-2: Foul Ball, location: 2F 2-2: Fly out, F4 (Line Drive, 4)
|
Bottom of the 4th over - 0 run(s), 1 hit(s), 0 error(s), 0 left on base; Lone Star 3 - Philadephia 1776 3 |
TOP OF THE 5TH |
Lone Star BC batting - Pitching for Philadephia 1776 BC : RHP Earnest Casey
|
Pitching: LHP Gilbert Morris
|
|
Batting: LHB Ray Merrill
|
0-0: Called Strike 0-1: Ball 1-1: Foul Ball, location: 2F 1-2: Fly out, F8 (Flyball, 8LXD)
|
Batting: RHB Henry Potts
|
0-0: Ball 1-0: Foul Ball, location: 2F 1-1: Foul Ball, location: 2F 1-2: Foul Ball, location: 2F 1-2: Ground out 6-3 (Groundball, 6M)
|
Batting: LHB Michael Neely
|
0-0: Called Strike 0-1: Swinging Strike 0-2: Strikes out swinging
|
Top of the 5th over - 0 run(s), 0 hit(s), 0 error(s), 0 left on base; Lone Star 3 - Philadephia 1776 3 |
BOTTOM OF THE 5TH |
Philadephia 1776 BC batting - Pitching for Lone Star BC : RHP José Galindo
|
Pitching: RHP Reed Taylor
|
|
Batting: SHB Gilbert Morris
|
0-0: Ground out 3-1 (Groundball, 34)
|
Batting: LHB Manuel García
|
0-0: Ball 1-0: Foul Ball, location: 2F 1-1: Ball 2-1: Foul Ball, location: 2F 2-2: Strikes out swinging
|
Batting: RHB José Ramos
|
0-0: Called Strike 0-1: Ball 1-1: Swinging Strike 1-2: Ground out 5-3 (Groundball, 5)
|
Bottom of the 5th over - 0 run(s), 0 hit(s), 0 error(s), 0 left on base; Lone Star 3 - Philadephia 1776 3 |
TOP OF THE 6TH |
Lone Star BC batting - Pitching for Philadephia 1776 BC : LHP Gilbert Morris
|
Batting: SHB David Henderson
|
0-0: Ball 1-0: Called Strike 1-1: Swinging Strike 1-2: Ground out 5-3 (Groundball, 5)
|
Batting: RHB Toshitsugu Sakamoto
|
0-0: Ball 1-0: Ground out 1-3 (Groundball, 23)
|
Batting: RHB Ricardo Nieto
|
0-0: Ball 1-0: Ball 2-0: Ground out 6-3 (Groundball, 6)
|
Top of the 6th over - 0 run(s), 0 hit(s), 0 error(s), 0 left on base; Lone Star 3 - Philadephia 1776 3 |
BOTTOM OF THE 6TH |
Philadephia 1776 BC batting - Pitching for Lone Star BC : RHP Reed Taylor
|
Batting: RHB Tommy Jones
|
0-0: Called Strike 0-1: Ball 1-1: Foul Ball, location: 2F 1-2: SINGLE (Line Drive, 7S)
|
Batting: RHB Brian O'Brian
|
0-0: Ball 1-0: Swinging Strike 1-1: Foul Ball, location: 2F 1-2: Strikes out swinging
|
Batting: LHB Jesús Vargas
|
0-0: Ball 1-0: Grounds into double play, 4-6-3 (Groundball, 4)
|
Bottom of the 6th over - 0 run(s), 1 hit(s), 0 error(s), 0 left on base; Lone Star 3 - Philadephia 1776 3 |
TOP OF THE 7TH |
Lone Star BC batting - Pitching for Philadephia 1776 BC : LHP Gilbert Morris
|
Pitching: LHP Michael Campbell
|
|
Batting: RHB Gérard Moreau
|
0-0: Ball 1-0: SINGLE (Groundball, 56D)
|
Pinch Hitting: RHB Jeremy Alexander
|
0-0: Called Strike 0-1: Swinging Strike 0-2: Ball 1-2: Strikes out swinging
|
Pinch Hitting: RHB Tony García
|
0-0: Swinging Strike 0-1: Foul Ball, location: 2F 0-2: Ball 1-2: Ball 2-2: Strikes out looking
|
Pinch Hitting: LHB Tom Smith
|
0-0: Ball 1-0: Called Strike 1-1: Ball 2-1: Ball 3-1: Swinging Strike 3-2: SINGLE (Groundball, 6M) Gérard Moreau to second Gérard Moreau to third
|
Batting: RHB Henry Potts
|
0-0: Ball 1-0: Ball 2-0: Ground out 5-3 (Groundball, 15S)
|
Top of the 7th over - 0 run(s), 2 hit(s), 0 error(s), 2 left on base; Lone Star 3 - Philadephia 1776 3 |
BOTTOM OF THE 7TH |
Philadephia 1776 BC batting - Pitching for Lone Star BC : RHP Reed Taylor
|
Pitching: RHP Rafael Chávez
|
|
Now at 2B: Thomas Dunlap
|
|
Now in LF: Jeremy Alexander
|
|
Batting: LHB Rubén Alte
|
0-0: Ball 1-0: Called Strike 1-1: Reached on error, E4 (Groundball, 34)
|
Batting: RHB Manny Hernández
|
0-0: Bunted foul 0-1: Sac Bunt - play at first, batter OUT! 2-4 Rubén Alte to second
|
Batting: SHB Matthieu Servergnini
|
0-0: Ball 1-0: Swinging Strike 1-1: Called Strike 1-2: Ball 2-2: Ball 3-2: Foul Ball, location: 2F 3-2: Base on Balls
|
Pinch Hitting: RHB Chet Nix
|
0-0: Swinging Strike 0-1: Ball 1-1: DOUBLE (Line Drive, 7D) Rubén Alte scores Matthieu Servergnini to third
|
Pinch Hitting: RHB Tanner Watkins
|
0-0: SINGLE (Groundball, 6MD) Matthieu Servergnini scores Chet Nix to third Runner from 3rd tries for Home, SAFE, throw made home Tanner Watkins to second
|
Pitching: RHP Ramón Salas
|
|
Batting: RHB José Ramos
|
0-0: Ball 1-0: Ball 2-0: Ball 3-0: Called Strike 3-1: Base on Balls
|
Pinch Hitting: LHB Lee Williams
|
0-0: Called Strike Throwing error on steal attempt, E2 Tanner Watkins scores José Ramos to third 0-1: Ball 1-1: SINGLE (Flyball, 9LM) José Ramos scores
|
Batting: RHB Brian O'Brian
|
0-0: Ball 1-0: Ball 2-0: Called Strike 2-1: Grounds into double play, 5-4-3 (Groundball, 56)
|
Bottom of the 7th over - 5 run(s), 3 hit(s), 2 error(s), 0 left on base; Lone Star 3 - Philadephia 1776 8 |
TOP OF THE 8TH |
Lone Star BC batting - Pitching for Philadephia 1776 BC : LHP Michael Campbell
|
Pitching: LHP Francisco Carrasco
|
|
Now in LF: José Ayala
|
|
Now in CF: Tanner Watkins
|
|
Batting: LHB Michael Neely
|
0-0: Called Strike 0-1: Foul Ball, location: 2F 0-2: Ball 1-2: Strikes out swinging
|
Batting: SHB David Henderson
|
0-0: Ball 1-0: Foul Ball, location: 2F 1-1: Ball 2-1: Ball 3-1: SINGLE (Groundball, 5S) (infield hit)
|
Pinch Hitting: LHB Ramón Hernández
|
0-0: Called Strike 0-1: Ball 1-1: SINGLE (Line Drive, 7S) David Henderson to second
|
Batting: RHB Ricardo Nieto
|
0-0: Swinging Strike 0-1: Foul Ball, location: 2F 0-2: Strikes out looking
|
Batting: RHB Gérard Moreau
|
0-0: Ball 1-0: Ball 2-0: Ball 3-0: Base on Balls David Henderson to third Ramón Hernández to second
|
Batting: RHB Jeremy Alexander
|
0-0: Swinging Strike 0-1: Swinging Strike 0-2: Foul Ball, location: 2F 0-2: Strikes out swinging
|
Top of the 8th over - 0 run(s), 2 hit(s), 0 error(s), 3 left on base; Lone Star 3 - Philadephia 1776 8 |
BOTTOM OF THE 8TH |
Philadephia 1776 BC batting - Pitching for Lone Star BC : RHP Ramón Salas
|
Now in RF: Ramón Hernández
|
|
Batting: LHB Jesús Vargas
|
0-0: Foul Ball, location: 2F 0-1: Called Strike 0-2: Foul Ball, location: 2F 0-2: Ground out 5-3 (Groundball, 56)
|
Batting: LHB Rubén Alte
|
0-0: Ball 1-0: Ball 2-0: Ground out 4-3 (Groundball, 4)
|
Batting: RHB Manny Hernández
|
0-0: Ball 1-0: Called Strike 1-1: Ball 2-1: SINGLE (Line Drive, 34D)
|
Batting: SHB Matthieu Servergnini
|
0-0: Fly out, F5 (Popup, 5S)
|
Bottom of the 8th over - 0 run(s), 1 hit(s), 0 error(s), 1 left on base; Lone Star 3 - Philadephia 1776 8 |
TOP OF THE 9TH |
Lone Star BC batting - Pitching for Philadephia 1776 BC : LHP Francisco Carrasco
|
Pinch Hitting: RHB John Flynn
|
0-0: Ball 1-0: Ball 2-0: Swinging Strike 2-1: Foul Ball, location: 2F 2-2: Foul Ball, location: 2F 2-2: Ball 3-2: Fly out, F7 (Flyball, 7M)
|
Batting: RHB Thomas Dunlap
|
0-0: Called Strike 0-1: Foul Ball, location: 2F 0-2: Ground out 5-3 (Groundball, 56)
|
Batting: RHB Henry Potts
|
0-0: Called Strike 0-1: Called Strike 0-2: Ground out 1-3 (Groundball, 23)
|
Top of the 9th over - 0 run(s), 0 hit(s), 0 error(s), 0 left on base; Lone Star 3 - Philadephia 1776 8 |
|